 Dungeon Crawl Stone Soup version 0.17-a0-1393-gcb420ff (webtiles) character file.

20 Steifyn the Digger (level 2, 0/15 HPs)
             Began as a Gargoyle Earth Elementalist on June 16, 2015.
             Slain by a giant gecko (1 damage)
             ... on level 1 of the Dungeon.
             The game lasted 00:06:03 (1133 turns).

Steifyn the Digger (Gargoyle Earth Elementalist)    Turns: 1133, Time: 00:06:03

Health: 0/15       AC:  4    Str: 11    XL:     2   Next: 79%
Magic:  0/5        EV: 12    Int: 15    God:
Gold:   35         SH:  0    Dex: 10    Spells: 2 memorised, 2 levels left

rFire  . . .     SeeInvis .     e - +0 dagger
rCold  . . .     Clarity  .     b - +0 robe
rNeg   + . .     SustAt   .     (no shield)
rPois  ∞         Gourm    .     (no helmet)
rElec  +         Spirit   .     (no cloak)
rCorr  .         Warding  .     (no gloves)
rMut   .         Stasis   .     (no boots)
MR     .....                    (no amulet)
Stlth  ++........               (no ring)
                                (no ring)

@: not resistant to hostile enchantments, unstealthy
A: negative energy resistance 1, electricity resistance, unbreathing,
petrification resistance, rot immunity, AC +2
a: no special abilities


You were on level 1 of the Dungeon.
You were very hungry.

You visited 1 branch of the dungeon, and saw 1 of its levels.

You collected 35 gold pieces.

Inventory:

Hand weapons
 e - a +0 dagger (weapon)
Missiles
 a - 62 stones (quivered)
Armour
 b - a +0 robe (worn)
Scrolls
 g - a scroll of identify {unknown}
 h - a scroll of recharging {unknown}
 j - a scroll of fog {unknown}
 k - a scroll of enchant armour {unknown}
Potions
 f - a potion of flight {unknown}
 i - 2 potions of curing {unknown}
 m - a potion of heal wounds {unknown}
Books
 c - a book of Geomancy

   Spells                             Type                      Level
   a - Sandblast                      Earth                        1
   b - Stoneskin                      Transmutation/Earth          2
   c - Passwall                       Transmutation/Earth          3
   d - Stone Arrow                    Conjuration/Earth            3
   e - Petrify                        Transmutation/Earth          4
   f - Lee's Rapid Deconstruction     Earth                        5
Comestibles
 d - a bread ration
 l - a royal jelly


   Skills:
 + Level 1.9 Dodging
 + Level 2.3 Stealth
 + Level 2.2 Spellcasting
 + Level 0.7 Transmutations
 + Level 4.1 Earth Magic


You had 2 spell levels left.
You knew the following spells:

 Your Spells              Type           Power        Failure   Level  Hunger
a - Sandblast             Erth           ##....       4%          1    #......
b - Stoneskin             Trmt/Erth      #.......     14%         2    ###....


Dungeon Overview and Level Annotations

Branches:
Dungeon (1/15)

Altars:


Innate Abilities, Weirdness & Mutations

You are resistant to torment.
Your stone body is resilient (AC +2).
You are immune to poison.
You resist negative energy.
You are resistant to electric shocks.
You can survive without breathing.
You are immune to petrification.
You are immune to rotting.


Message History

Confirm with . or Enter, or press ? or * to list all spells.
You don't have enough magic to cast that spell.
The giant gecko bites you.
* * * LOW HITPOINT WARNING * * *
The giant gecko barely misses you.
The giant gecko bites you but does no damage.
The giant gecko bites you but does no damage.
The giant gecko bites you but does no damage.
Casting: Sandblast
Confirm with . or Enter, or press ? or * to list all spells.
Aiming: Sandblast
Press: ? - help, Shift-Dir - straight line, f/p - giant gecko
Aim: a giant gecko (severely wounded, clinging)
The blast of sand misses the giant gecko.
The giant gecko bites you.
* * * LOW HITPOINT WARNING * * *
The giant gecko barely misses you. The giant gecko misses you.
The giant gecko bites you.
You die...

..............#...###.'...#.#...#
........).......#####.#...#.#.#.#
######'######..##.....#...#.#.#.#
.....#.# #..##....#'#####.#....
..####.#####.##.#..#...#....#....
..# #....#..##.....#..'(...#....
..#######...###...#.#..#.(..(....
...........## ##.l..#'#####...)..
...######..# ##.@#....#...#.....#
...# #.####...#..#.).>.#.....#
...# #.##....#.##).#...#..####
...# #.####..#.#.#.#...#..##..
...# #.##.#.##..##'#####..##..
...# ##.#.....##.#...#.....##..
...#####..'.#..........'.....##..
..........#....#...#...#).....'..
.......##.#..#.##..##'#####.###..


You could see a giant gecko.

Vanquished Creatures
  4 bats (D:1)
  5 goblins (D:1)
  A hobgoblin (D:1)
  4 jackals (D:1)
  3 kobolds (D:1)
17 creatures vanquished.

Notes
Turn   | Place    | Note
--------------------------------------------------------------
     0 | D:1      | Steifyn the Gargoyle Earth Elementalist began the quest for the Orb.
     0 | D:1      | Reached XP level 1. HP: 10/10 MP: 3/3
   422 | D:1      | Reached XP level 2. HP: 15/15 MP: 5/5
   722 | D:1      | Learned a level 2 spell: Stoneskin
   730 | D:1      | Reached skill level 4 in Earth Magic
  1133 | D:1      | Slain by a giant gecko

Vault maps used:
D:1:      arrival_zaba_pyramid

Action                   || total
-------------------------++-------
Melee: Unarmed           ||     5
       Dagger            ||    18
 Cast: Sandblast         ||    35
